| TOP OF THE 1ST |
|
San Francisco Giants batting - Pitching for Houston Astros : RHP Rick Camp
|
|
Pitching: RHP Rick Camp
|
|
|
Batting: SHB Kevin Bass
|
0-0: Called Strike 0-1: Swinging Strike 0-2: Ball 1-2: Foul Ball, location: 2F 1-2: Foul Ball, location: 2F 1-2: Foul Ball, location: 2F 1-2: Ball 2-2: Strikes out swinging
|
|
Batting: RHB Dickie Thon
|
0-0: Ground out 4-3 (Groundball, 4M, EV 103.8 MPH)
|
|
Batting: LHB Keith Hernandez
|
0-0: Ball 1-0: Ball 2-0: Called Strike 2-1: Called Strike 2-2: Strikes out swinging
|
| Top of the 1st over - 0 runs, 0 hits, 0 errors, 0 left on base; San Francisco 0 - Houston 0 |
| BOTTOM OF THE 1ST |
|
Houston Astros batting - Pitching for San Francisco Giants : RHP Ronnie Sims
|
|
Pitching: RHP Ronnie Sims
|
|
|
Batting: SHB Tom Herr
|
0-0: Ball 1-0: Swinging Strike 1-1: Reached on error, E4 (Groundball, 4, EV 104.4 MPH)
|
|
Batting: LHB Steve Kemp
|
0-0: Ball 1-0: Foul Ball, location: 2F 1-1: Ball 2-1: Ball 3-1: Base on Balls Tom Herr to second
|
|
Batting: RHB Zail Smith
|
0-0: Ball 1-0: Ground out U3 (Groundball, 23, EV 85.6 MPH) Tom Herr to third Steve Kemp to second
|
|
Batting: RHB John Castino
|
0-0: Ball 1-0: Fly out, F8 (Flyball, 89M, EV 81.3 MPH) Runner from 3rd tags up, SCORES, throw by CF Steve Kemp to third
|
|
Batting: SHB Christopher Clark
|
0-0: Ball 1-0: Swinging Strike 1-1: Ball 2-1: Ball 3-1: Swinging Strike 3-2: Strikes out looking
|
| Bottom of the 1st over - 1 run, 0 hits, 1 error, 1 left on base; San Francisco 0 - Houston 1 |
| TOP OF THE 2ND |
|
San Francisco Giants batting - Pitching for Houston Astros : RHP Rick Camp
|
|
Batting: RHB Phil Bailey
|
0-0: Foul Ball, location: 2F 0-1: Ball 1-1: Ground out 5-3 (Groundball, 5L, EV 80.6 MPH)
|
|
Batting: RHB Don Slaught
|
0-0: DOUBLE (Line Drive, 9LS, EV 91.9 MPH)
|
|
Batting: RHB Kevin Howard
|
0-0: Ball 1-0: Called Strike 1-1: Foul Ball, location: 2F 1-2: Ball 2-2: Fly out, F4 (Popup, 34S, EV 81.3 MPH)
|
|
Batting: SHB Tyler O'Dell
|
0-0: Called Strike 0-1: Called Strike 0-2: Ground out U3 (Groundball, 34, EV 86.3 MPH)
|
| Top of the 2nd over - 0 runs, 1 hit, 0 errors, 1 left on base; San Francisco 0 - Houston 1 |
| BOTTOM OF THE 2ND |
|
Houston Astros batting - Pitching for San Francisco Giants : RHP Ronnie Sims
|
|
Batting: LHB Jose Cruz
|
0-0: Foul Ball, location: 2F 0-1: Ball 1-1: Ground out 6-3 (Groundball, 6, EV 87.5 MPH)
|
|
Batting: LHB Jerry Narron
|
0-0: Foul Ball, location: 2F 0-1: Foul Ball, location: 2F 0-2: Ground out 4-3 (Groundball, 4, EV 83.8 MPH)
|
|
Batting: RHB Ricky Adams
|
0-0: Ball 1-0: Ball 2-0: Ball 3-0: Called Strike 3-1: Base on Balls
|
|
Batting: RHB Rick Camp
|
0-0: Foul Ball, location: 2F 0-1: Foul Ball, location: 2F 0-2: Strikes out swinging
|
| Bottom of the 2nd over - 0 runs, 0 hits, 0 errors, 1 left on base; San Francisco 0 - Houston 1 |
| TOP OF THE 3RD |
|
San Francisco Giants batting - Pitching for Houston Astros : RHP Rick Camp
|
|
Batting: LHB Doug Frobel
|
0-0: Ball 1-0: Foul Ball, location: 2F 1-1: Ground out U3 (Groundball, 34, EV 97.5 MPH)
|
|
Batting: RHB Ronnie Sims
|
0-0: SINGLE (Line Drive, 6M, EV 95.6 MPH)
|
|
Batting: SHB Kevin Bass
|
0-0: Ball 1-0: Called Strike 1-1: Fielders Choice at 2nd, 6-4 (Groundball, 6, EV 91.9 MPH)
|
|
Now at 2B: Bill D Doran
|
|
|
Batting: RHB Dickie Thon
|
0-0: Called Strike 0-1: Ball Kevin Bass steals 2nd base 1-1: Ball 2-1: Ground out U3 (Groundball, 3L, EV 80.0 MPH)
|
| Top of the 3rd over - 0 runs, 1 hit, 0 errors, 1 left on base; San Francisco 0 - Houston 1 |
| BOTTOM OF THE 3RD |
|
Houston Astros batting - Pitching for San Francisco Giants : RHP Ronnie Sims
|
|
Batting: SHB Bill D Doran
|
0-0: Called Strike 0-1: Foul Ball, location: 2F 0-2: Strikes out swinging
|
|
Batting: LHB Steve Kemp
|
0-0: Foul Ball, location: 2F 0-1: Foul Ball, location: 2F 0-2: Foul Ball, location: 2F 0-2: SINGLE (Line Drive, 9S, EV 89.4 MPH)
|
|
Batting: RHB Zail Smith
|
0-0: Ball 1-0: Grounds into double play, 5-4-3 (Groundball, 56, EV 81.9 MPH)
|
| Bottom of the 3rd over - 0 runs, 1 hit, 0 errors, 0 left on base; San Francisco 0 - Houston 1 |
| TOP OF THE 4TH |
|
San Francisco Giants batting - Pitching for Houston Astros : RHP Rick Camp
|
|
Batting: LHB Keith Hernandez
|
0-0: Called Strike 0-1: Foul Ball, location: 2F 0-2: Strikes out swinging
|
|
Batting: RHB Phil Bailey
|
0-0: Ball 1-0: Ground out 1-3 (Groundball, 23, EV 70.6 MPH)
|
|
Batting: RHB Don Slaught
|
0-0: Ball 1-0: Called Strike 1-1: Ball 2-1: Foul Ball, location: 2F 2-2: Strikes out swinging
|
| Top of the 4th over - 0 runs, 0 hits, 0 errors, 0 left on base; San Francisco 0 - Houston 1 |
| BOTTOM OF THE 4TH |
|
Houston Astros batting - Pitching for San Francisco Giants : RHP Ronnie Sims
|
|
Batting: RHB John Castino
|
0-0: Ball 1-0: Ball 2-0: Foul Ball, location: 2F 2-1: Ball 3-1: Ground out 1-3 (Groundball, 13S, EV 72.5 MPH)
|
|
Batting: SHB Christopher Clark
|
0-0: Called Strike 0-1: Ball 1-1: Ball 2-1: Ball 3-1: Base on Balls
|
|
Batting: LHB Jose Cruz
|
0-0: Ball 1-0: Foul Ball, location: 2F 1-1: SINGLE (Line Drive, 78S, EV 101.9 MPH) Christopher Clark to second Runner from 2nd tries for 3rd, SAFE, throw by LF made to third
|
|
Batting: LHB Jerry Narron
|
0-0: Called Strike 0-1: Ball 1-1: Called Strike 1-2: Ball 2-2: Foul Ball, location: 2F 2-2: Foul Ball, location: 2F 2-2: Foul Ball, location: 2F 2-2: Foul Ball, location: 2F 2-2: Fly out, F9 (Flyball, 9, EV 91.9 MPH) Runner from 3rd tags up, SCORES, throw by RF
|
|
Batting: RHB Ricky Adams
|
0-0: Ball 1-0: Foul Ball, location: 2F 1-1: Swinging Strike 1-2: Strikes out swinging
|
| Bottom of the 4th over - 1 run, 1 hit, 0 errors, 1 left on base; San Francisco 0 - Houston 2 |
| TOP OF THE 5TH |
|
San Francisco Giants batting - Pitching for Houston Astros : RHP Rick Camp
|
|
Batting: RHB Kevin Howard
|
0-0: Called Strike 0-1: Ball 1-1: Fly out, F6 (Line Drive, 6, EV 71.9 MPH)
|
|
Batting: SHB Tyler O'Dell
|
0-0: Called Strike 0-1: Ground out 4-3 (Groundball, 4, EV 105.6 MPH)
|
|
Batting: LHB Doug Frobel
|
0-0: Swinging Strike 0-1: Ball 1-1: Ball 2-1: Called Strike 2-2: Foul Ball, location: 2F 2-2: Strikes out swinging
|
| Top of the 5th over - 0 runs, 0 hits, 0 errors, 0 left on base; San Francisco 0 - Houston 2 |
| BOTTOM OF THE 5TH |
|
Houston Astros batting - Pitching for San Francisco Giants : RHP Ronnie Sims
|
|
Batting: RHB Rick Camp
|
0-0: Ball 1-0: Called Strike 1-1: Ball 2-1: Called Strike 2-2: Strikes out swinging
|
|
Batting: SHB Bill D Doran
|
0-0: Ball 1-0: Called Strike 1-1: Foul Ball, location: 2F 1-2: Ball 2-2: Foul Ball, location: 2F 2-2: SINGLE (Line Drive, 7S, EV 100.0 MPH)
|
|
Batting: LHB Steve Kemp
|
0-0: Ball 1-0: Ball 2-0: Ball 3-0: Base on Balls Bill D Doran to second
|
|
Batting: RHB Zail Smith
|
0-0: Foul Ball, location: 2F 0-1: Ball 1-1: Foul Ball, location: 2F 1-2: Ground out 4-3 (Groundball, 4MS, EV 71.9 MPH) Bill D Doran to third Steve Kemp to second
|
|
Batting: RHB John Castino
|
0-0: Ball 1-0: 3-RUN HOME RUN (Flyball, 9LD, EV 105.0 MPH), Distance : 367 ft
|
|
Batting: SHB Christopher Clark
|
0-0: Ball 1-0: Ball 2-0: Fly out, F8 (Flyball, 8RS, EV 92.5 MPH)
|
| Bottom of the 5th over - 3 runs, 2 hits, 0 errors, 0 left on base; San Francisco 0 - Houston 5 |
| TOP OF THE 6TH |
|
San Francisco Giants batting - Pitching for Houston Astros : RHP Rick Camp
|
|
Batting: RHB Ronnie Sims
|
0-0: Called Strike 0-1: Swinging Strike 0-2: Ball 1-2: Strikes out swinging
|
|
Batting: SHB Kevin Bass
|
0-0: Ball 1-0: Called Strike 1-1: Swinging Strike 1-2: Foul Ball, location: 2F 1-2: Ball 2-2: Ball 3-2: Base on Balls
|
|
Batting: RHB Dickie Thon
|
0-0: Called Strike Kevin Bass steals 2nd base 0-1: Ball 1-1: Foul Ball, location: 2F 1-2: Foul Ball, location: 2F 1-2: Fly out, F7 (Flyball, 7S, EV 83.1 MPH)
|
|
Batting: LHB Keith Hernandez
|
0-0: Ball 1-0: Ball 2-0: Ball 3-0: Called Strike 3-1: Base on Balls
|
|
Batting: RHB Phil Bailey
|
0-0: Ball 1-0: Foul Ball, location: 2F 1-1: Foul Ball, location: 2F 1-2: Ball 2-2: Ball 3-2: DOUBLE (Line Drive, 9LM, EV 106.3 MPH) Kevin Bass scores Keith Hernandez to third Keith Hernandez scores
|
|
Batting: RHB Don Slaught
|
0-0: Fly out, F3 (Line Drive, 3, EV 65.0 MPH)
|
| Top of the 6th over - 2 runs, 1 hit, 0 errors, 1 left on base; San Francisco 2 - Houston 5 |
| BOTTOM OF THE 6TH |
|
Houston Astros batting - Pitching for San Francisco Giants : RHP Ronnie Sims
|
|
Batting: LHB Jose Cruz
|
0-0: Ball 1-0: Called Strike 1-1: Swinging Strike 1-2: Strikes out swinging
|
|
Batting: LHB Jerry Narron
|
0-0: SINGLE (Groundball, 6MD, EV 99.4 MPH)
|
|
Batting: RHB Ricky Adams
|
0-0: Ball 1-0: Ball 2-0: Ball 3-0: Called Strike 3-1: Fly out, F3 (Popup, 34S, EV 79.4 MPH)
|
|
Batting: RHB Rick Camp
|
0-0: Called Strike 0-1: Ball 1-1: Swinging Strike 1-2: Ball 2-2: Strikes out swinging
|
| Bottom of the 6th over - 0 runs, 1 hit, 0 errors, 1 left on base; San Francisco 2 - Houston 5 |
| TOP OF THE 7TH |
|
San Francisco Giants batting - Pitching for Houston Astros : RHP Rick Camp
|
|
Batting: RHB Kevin Howard
|
0-0: Called Strike 0-1: Fly out, F8 (Flyball, 8LXD, EV 96.9 MPH)
|
|
Batting: SHB Tyler O'Dell
|
0-0: Ball 1-0: SINGLE (Groundball, 3L, EV 107.5 MPH)
|
|
Batting: LHB Doug Frobel
|
0-0: 2-RUN HOME RUN (Flyball, 78XD, EV 107.5 MPH), Distance : 453 ft
|
|
Pinch Hitting: SHB Larry Reynolds
|
0-0: Foul Ball, location: 2F 0-1: Ball 1-1: Called Strike 1-2: Ball 2-2: DOUBLE (Line Drive, 89D, EV 108.1 MPH)
|
|
Batting: SHB Kevin Bass
|
0-0: Ball 1-0: Ball 2-0: Ball 3-0: Called Strike 3-1: Base on Balls
|
|
Batting: RHB Dickie Thon
|
0-0: Reached on error, E6 (Groundball, 6, EV 84.4 MPH) Larry Reynolds to third Kevin Bass to second
|
|
Batting: LHB Keith Hernandez
|
0-0: SINGLE (Line Drive, 7LS, EV 91.9 MPH) Larry Reynolds scores Kevin Bass to third Dickie Thon to second Runner from 3rd tries for Home, SAFE, throw by LF to home
|
|
Pitching: LHP Mike Caldwell
|
|
|
Batting: RHB Phil Bailey
|
0-0: Called Strike 0-1: DOUBLE (Flyball, 78D, EV 96.9 MPH) Dickie Thon scores Keith Hernandez to third Runner from 3rd tries for Home, SAFE, throw by LF to trailing runner, OUT at third! 7-3-5
|
|
Batting: RHB Don Slaught
|
0-0: Ground out 4-3 (Groundball, 4M, EV 85.0 MPH)
|
| Top of the 7th over - 6 runs, 5 hits, 1 error, 0 left on base; San Francisco 8 - Houston 5 |
| BOTTOM OF THE 7TH |
|
Houston Astros batting - Pitching for San Francisco Giants : RHP Ronnie Sims
|
|
Pitching: RHP Dan O'Brien
|
|
|
Batting: SHB Bill D Doran
|
0-0: Foul Ball, location: 2F 0-1: Swinging Strike 0-2: Ball 1-2: Ground out 6-3 (Groundball, 56, EV 106.9 MPH)
|
|
Batting: LHB Steve Kemp
|
0-0: Called Strike 0-1: Called Strike 0-2: Ball 1-2: Ball 2-2: Strikes out looking
|
|
Batting: RHB Zail Smith
|
0-0: Foul Ball, location: 2F 0-1: Ball 1-1: Ball 2-1: Ground out 5-3 (Groundball, 5L, EV 105.0 MPH)
|
| Bottom of the 7th over - 0 runs, 0 hits, 0 errors, 0 left on base; San Francisco 8 - Houston 5 |
| TOP OF THE 8TH |
|
San Francisco Giants batting - Pitching for Houston Astros : LHP Mike Caldwell
|
|
Batting: RHB Kevin Howard
|
0-0: Called Strike 0-1: Ball 1-1: SINGLE (Line Drive, 6MD, EV 94.4 MPH)
|
|
Batting: SHB Tyler O'Dell
|
0-0: Ball 1-0: Sac Bunt to 5S - play at first, batter safe! Kevin Howard to second
|
|
Batting: LHB Doug Frobel
|
0-0: Ball 1-0: Bunt missed! 1-1: Ball 2-1: Bunt missed! 2-2: DOUBLE (Line Drive, 78M, EV 103.1 MPH) Kevin Howard scores Tyler O'Dell to third Runner from 3rd tries for Home, SAFE, no throw by LF
|
|
Pinch Hitting: RHB Billy L Smith
|
0-0: Ball 1-0: Called Strike 1-1: Foul Ball, location: 2F 1-2: Foul Ball, location: 2F 1-2: Ball 2-2: Foul Ball, location: 2F 2-2: Fly out, F8 (Flyball, 8LM, EV 89.4 MPH)
|
|
Batting: SHB Kevin Bass
|
0-0: Ball 1-0: Ball 2-0: Called Strike 2-1: Swinging Strike 2-2: Foul Ball, location: 2F 2-2: Fly out, F7 (Line Drive, 7, EV 92.5 MPH)
|
|
Batting: RHB Dickie Thon
|
0-0: Called Strike 0-1: Ground out 6-3 (Groundball, 6, EV 100.6 MPH)
|
| Top of the 8th over - 2 runs, 3 hits, 0 errors, 1 left on base; San Francisco 10 - Houston 5 |
| BOTTOM OF THE 8TH |
|
Houston Astros batting - Pitching for San Francisco Giants : RHP Dan O'Brien
|
|
Pitching: LHP Ken Brett
|
|
|
Batting: RHB John Castino
|
0-0: Fly out, F9 (Flyball, 9LS, EV 90.6 MPH)
|
|
Batting: SHB Christopher Clark
|
0-0: Ball 1-0: Ball 2-0: Ground out 6-3 (Groundball, 6, EV 92.5 MPH)
|
|
Batting: LHB Jose Cruz
|
0-0: Ball 1-0: Called Strike 1-1: Ball 2-1: Foul Ball, location: 2F 2-2: Ground out 6-3 (Groundball, 6, EV 86.9 MPH)
|
| Bottom of the 8th over - 0 runs, 0 hits, 0 errors, 0 left on base; San Francisco 10 - Houston 5 |
| TOP OF THE 9TH |
|
San Francisco Giants batting - Pitching for Houston Astros : LHP Mike Caldwell
|
|
Batting: LHB Keith Hernandez
|
0-0: Called Strike 0-1: Fly out, F7 (Flyball, 7S, EV 91.9 MPH)
|
|
Batting: RHB Phil Bailey
|
0-0: Swinging Strike 0-1: Ball 1-1: Ball 2-1: Ball 3-1: Base on Balls
|
|
Batting: RHB Don Slaught
|
0-0: Ball 1-0: Called Strike 1-1: Foul Ball, location: 2F 1-2: Ball 2-2: Fly out, F4 (Popup, 34, EV 60.0 MPH)
|
|
Pitching: RHP Joe McIntosh
|
|
|
Batting: RHB Kevin Howard
|
0-0: Called Strike 0-1: Hit by Pitch Phil Bailey to second
|
|
Batting: SHB Tyler O'Dell
|
0-0: Called Strike 0-1: Foul Ball, location: 2F 0-2: Strikes out looking
|
| Top of the 9th over - 0 runs, 0 hits, 0 errors, 2 left on base; San Francisco 10 - Houston 5 |
| BOTTOM OF THE 9TH |
|
Houston Astros batting - Pitching for San Francisco Giants : LHP Ken Brett
|
|
Batting: LHB Jerry Narron
|
0-0: Ball 1-0: Called Strike 1-1: Hit by Pitch
|
|
Batting: RHB Ricky Adams
|
0-0: Ball 1-0: Called Strike 1-1: Ball 2-1: SINGLE (Line Drive, 6D, EV 111.9 MPH) Jerry Narron to second
|
|
Pinch Hitting: LHB George Vukovich
|
0-0: SINGLE (Line Drive, 4D, EV 101.9 MPH) Jerry Narron to third Ricky Adams to second
|
|
Batting: SHB Bill D Doran
|
0-0: Called Strike 0-1: Foul Ball, location: 2F 0-2: Strikes out swinging
|
|
Batting: LHB Steve Kemp
|
0-0: Foul Ball, location: 2F 0-1: SINGLE (Groundball, 34D, EV 103.1 MPH) (infield hit) Jerry Narron scores Ricky Adams to third George Vukovich to second
|
|
Batting: RHB Zail Smith
|
0-0: GRAND SLAM HOME RUN (Flyball, 7LD, EV 105.0 MPH), Distance : 397 ft
|
|
Pitching: LHP Sheldon Burnside
|
|
|
Batting: RHB John Castino
|
0-0: Called Strike 0-1: Fly out, F8 (Line Drive, 8LM, EV 90.0 MPH)
|
|
Batting: SHB Christopher Clark
|
0-0: Called Strike 0-1: Ball 1-1: Called Strike 1-2: Ball 2-2: Fly out, F8 (Flyball, 8RS, EV 92.5 MPH)
|
| Bottom of the 9th over - 5 runs, 4 hits, 0 errors, 0 left on base; San Francisco 10 - Houston 10 |
| TOP OF THE 10TH |
|
San Francisco Giants batting - Pitching for Houston Astros : RHP Joe McIntosh
|
|
Pitching: RHP Kevin Carr
|
|
|
Now at 3B: Mickey Hatcher
|
|
|
Batting: LHB Doug Frobel
|
0-0: Foul Ball, location: 2F 0-1: Swinging Strike 0-2: Foul Ball, location: 2F 0-2: Ball 1-2: Strikes out swinging
|
|
Pinch Hitting: LHB Kevin Christensen
|
0-0: Fly out, F8 (Flyball, 78M, EV 91.3 MPH)
|
|
Batting: SHB Kevin Bass
|
0-0: Foul Ball, location: 2F 0-1: Ground out 4-3 (Groundball, 4, EV 103.1 MPH)
|
| Top of the 10th over - 0 runs, 0 hits, 0 errors, 0 left on base; San Francisco 10 - Houston 10 |
| BOTTOM OF THE 10TH |
|
Houston Astros batting - Pitching for San Francisco Giants : LHP Sheldon Burnside
|
|
Pitching: RHP Ross Davis
|
|
|
Batting: LHB Jose Cruz
|
0-0: Ball 1-0: Foul Ball, location: 2F 1-1: Ball 2-1: Ball 3-1: Base on Balls
|
|
Pinch Runner at 1st Julio Franco:
|
|
|
Batting: LHB Jerry Narron
|
0-0: Ball 1-0: Swinging Strike 1-1: Swinging Strike 1-2: SINGLE (Line Drive, 4MD, EV 100.6 MPH) Julio Franco to second Runner from 2nd tries for 3rd, SAFE, throw by CF made to third
|
|
Batting: RHB Ricky Adams
|
0-0: Ball 1-0: Foul Ball, location: 2F 1-1: Ball Wild Pitch! Julio Franco scores
|
| Bottom of the 10th over - 1 run, 1 hit, 0 errors, 0 left on base; San Francisco 10 - Houston 11 |
|